 Dungeon Crawl Stone Soup version 0.30-a0-930-gb9d0489357 (webtiles) character file.

Game seed: 6330279684578256913

301 voltaire321 the Sneak (level 6, -2/39 HPs)
             Began as an Octopode Earth Elementalist on Mar 23, 2023.
             Slain by Ijyb
             ... wielding a +0 dagger
              (5 damage)
             ... on level 4 of the Dungeon.
             The game lasted 00:08:10 (2899 turns).

voltaire321 the Sneak (Octopode Earth Elementalist) Turns: 2899, Time: 00:08:10

Health: -2/39      AC:  1    Str:  7    XL:     6   Next: 37%
Magic:  6/10       EV: 14    Int: 19    God:
Gold:   109        SH:  5    Dex: 13    Spells: 4/10 levels left

rFire   . . .      SeeInvis .    j - +0 rapier
rCold   . . .      Faith    .    (no shield)
rNeg    . . .      Spirit   .    (helmet restricted)
rPois   .          Reflect  +    i - amulet of reflection
rElec   .          Rampage  .    (no ring)
rCorr   .                        (no ring)
Will    .....                    (no ring)
Stlth   ++++                     (no ring)
HPRegen 0.26/turn                (no ring)
MPRegen 0.12/turn                (no ring)
                                 (no ring)
                                 (no ring)

@: very slightly contaminated
A: almost no armour, amphibious, 8 rings, camouflage 1, gelatinous body 1,
(nimble swimmer 1), tentacles
a: no special abilities


You were on level 4 of the Dungeon.
You visited 1 branch of the dungeon, and saw 4 of its levels.

You collected 109 gold pieces.

Inventory:

Hand Weapons
 j - a +0 rapier (weapon)
Missiles
 l - 12 poisoned darts
Jewellery
 i - an amulet of reflection (around mantle)
Scrolls
 d - a scroll of silence {unknown}
 e - 3 scrolls of identify {unknown}
 g - a scroll of brand weapon {unknown}
 k - 2 scrolls of magic mapping {unknown}
 m - a scroll of vulnerability {unknown}
 o - 2 scrolls of noise {unknown}
Potions
 a - a potion of magic
 b - 3 potions of flight {unknown}
 c - 2 potions of degeneration {unknown}
 f - a potion of invisibility {unknown}
 h - 3 potions of might {unknown}
 n - a potion of curing {unknown}
 p - a potion of heal wounds {unknown}
 q - a potion of haste {unknown}


   Skills:
 + Level 1.9 Fighting
 + Level 3.1 Dodging
 + Level 4.5 Stealth
 + Level 2.9 Spellcasting
 + Level 0.9 Conjurations
 + Level 2.5 Transmutations
 + Level 3.9 Earth Magic


You had 4 spell levels left.
You knew the following spells:

 Your Spells              Type           Power      Damage    Failure   Level
a - Sandblast             Erth           34%        2d9       3%          1
b - Passwall              Tmut/Erth      12%        N/A       6%          2
c - Stone Arrow           Conj/Erth      24%        3d8       17%         3

Your spell library contained the following spells:

 Spells                   Type           Power      Damage    Failure   Level
 Petrify                  Tmut/Erth      15%        N/A       38%         4


Dungeon Overview and Level Annotations

Branches:
Dungeon (4/15)
 Temple: D:4-7

Altars:
Dithmenos
Okawaru

Annotations:
D:3 2 transporters, pigah's ghost, amateur OpWn
D:4 Ijyb


Innate Abilities, Weirdness & Mutations

You cannot wear most types of armour.
You are amphibious.
You can wear up to eight rings at the same time.
Your skin changes colour to match your surroundings (Stealth+).
Your rubbery body absorbs attacks. (AC +1, EV +1)
((You are camouflaged when in or above water. (Stealth+)))
You have tentacles for arms and can constrict up to eight enemies at once.


Message History

Ijyb zaps a wand.
The mass of ice explodes!
The iceblast engulfs you!
Aiming: Sandblast (safe; 3% risk of failure)
Press: ? - help, Q - select action, (/) - cycle Shift-Dir - straight line, f/p - Ijyb
Aim: Ijyb, wielding a +0 dagger, wearing a +0 scale mail and carrying a wand of iceblast (10) (80% to hit)
The blast of sand hits Ijyb!
Ijyb is heavily wounded.
Ijyb zaps a wand.
The mass of ice explodes!
The iceblast engulfs you!
* * * LOW HITPOINT WARNING * * *
Aiming: Sandblast (safe; 3% risk of failure)
Press: ? - help, Q - select action, (/) - cycle Shift-Dir - straight line, f/p - Ijyb
Aim: Ijyb, wielding a +0 dagger, wearing a +0 scale mail and carrying a wand of iceblast (9) (heavily wounded, 80% to hit)
The blast of sand hits Ijyb but does no damage.
Ijyb is heavily wounded.
Ijyb hits you with a +0 dagger.
* * * LOW HITPOINT WARNING * * *
You hit Ijyb but do no damage. You grab Ijyb.
Ijyb is heavily wounded.
You constrict Ijyb, but do no damage. Ijyb hits you with a +0 dagger.
* * * LOW HITPOINT WARNING * * *
You hit Ijyb.
You tentacle-slap Ijyb, but do no damage.
You squeeze Ijyb, but do no damage.
Ijyb is heavily wounded.
You constrict Ijyb, but do no damage. You block Ijyb's attack.
Ijyb closely misses you.
Aiming: Sandblast (safe; 3% risk of failure)
Press: ? - help, Q - select action, (/) - cycle Shift-Dir - straight line, f/p - Ijyb
Aim: Ijyb, wielding a +0 dagger, wearing a +0 scale mail and carrying a wand of iceblast (9) (heavily wounded, constricted by you, 100% to hit)
The blast of sand hits Ijyb but does no damage.
Ijyb is heavily wounded.
You constrict Ijyb. Ijyb hits you with a +0 dagger.
* * * LOW HITPOINT WARNING * * *
Aiming: Sandblast (safe; 3% risk of failure)
Press: ? - help, Q - select action, (/) - cycle Shift-Dir - straight line, f/p - Ijyb
Aim: Ijyb, wielding a +0 dagger, wearing a +0 scale mail and carrying a wand of iceblast (9) (severely wounded, constricted by you, 100% to hit)
You miscast Sandblast.
You are very lightly contaminated with residual magic.
Nothing appears to happen.
You constrict Ijyb. Ijyb hits you with a +0 dagger.
You die...

#.# #.# #...# #.# #...#
#.# #...# #.# #...#
#######.##### #...#
.(..........# #...#
#######.....# #g..###.#
#.....# #@......#
#######.....####..######
.................>......
#######...............##
#...............#
#...............#
########............#
#...................#
###.........##........#


You could see Ijyb.

Vanquished Creatures
  A hound (D:4)
  A jelly (D:2)
  3 iguanas (D:4)
  6 adders
  4 gnolls (D:3)
  A dart slug (D:2)
  8 orcs
  4 endoplasms
  2 giant cockroaches
  5 goblins
  7 hobgoblins
  2 jackals (D:4)
  3 quokkas
  7 ball pythons
  A bat (D:1)
  5 frilled lizards
  2 kobolds
  2 rats (D:1)
64 creatures vanquished.

Vanquished Creatures (others)
  6 plants (D:3)
6 creatures vanquished.

Grand Total: 70 creatures vanquished

Notes
Turn   | Place    | Note
-------+----------+-------------------------------------------
     0 | D:1      | voltaire321 the Octopode Earth Elementalist began the quest
                  | for the Orb.
     0 | D:1      | Reached XP level 1. HP: 11/11 MP: 3/3
   429 | D:1      | Reached XP level 2. HP: 17/17 MP: 1/5
   430 | D:1      | Reached skill level 3 in Stealth
   815 | D:2      | Learned a level 2 spell: Passwall
   849 | D:2      | Reached XP level 3. HP: 21/21 MP: 3/6
  1003 | D:2      | Reached XP level 4. HP: 27/27 MP: 5/7
  1083 | D:2      | Found an iron altar of Okawaru.
  1368 | D:3      | Reached skill level 1 in Fighting
  1519 | D:3      | Reached XP level 5. HP: 33/33 MP: 3/8
  1522 | D:3      | Reached skill level 4 in Stealth
  1716 | D:3      | Found a shadowy altar of Dithmenos.
  2022 | D:3      | Noticed pigah's ghost (amateur OpWn)
  2047 | D:3      | Found a transporter.
  2052 | D:3      | Identified the +11 halberd of a sewer {chaos, rF- Str+4}
  2054 | D:3      | Found a transporter.
  2200 | D:3      | Learned a level 3 spell: Stone Arrow
  2644 | D:4      | Reached XP level 6. HP: 39/39 MP: 7/10
  2779 | D:4      | Noticed a black bear
  2890 | D:4      | Noticed Ijyb
  2899 | D:4      | Slain by Ijyb

Illustrated notes

Levels and vault maps discovered:
D:1:      amcnicky_arrival_blooded_trapdoor, layout_loops_ring
D:2:      layout_basic, basic_altar
D:3:      layout_loops_cross, nicolae_dithmenos_shadow_blocks,
          gammafunk_ghost_gnarly_gnolls
D:4:      layout_basic, uniq_ijyb

Skill      XL: |  1  2  3  4  5 |
---------------+----------------+-----
Stealth        | 3 4 |  4.5
Fighting       | 1 |  1.9
Transmutations | 2 |  2.5
Dodging        | 3 |  3.1
Spellcasting   | |  2.9
Conjurations   | |  0.9
Earth Magic    | |  3.9

Action                     |  1- 3 |  4- 6 || total
---------------------------+-------+-------++-------
  Melee: Rapier            |       |    25 ||    25
         Constrict         |       |     9 ||     9
         Tentacles         |       |     5 ||     5
         Punch             |       |     1 ||     1
   Cast: Sandblast         |    27 |    72 ||    99
 Armour: Skin              |       |     2 ||     2
  Dodge: Dodged            |     3 |    23 ||    26
  Block: Other             |       |     7 ||     7

Table legend: (Time is in decaauts)
 A = Elapsed time spent in this place.
 B = Non-inter-level travel time spent in this place.
 C = Inter-level travel time spent in this place.
 D = Time resting spent in this place.
 E = Time spent auto-exploring this place.
 F = Levels seen in this place.
 G = Mean time per level.
                   A        B        C        D        E       F      G
               +--------+--------+--------+--------+--------+-----+--------+
         Total |   2952 |   2858 |     94 |    443 |   1824 |   4 |  738.0 |
       Dungeon |   2952 |   2858 |     94 |    443 |   1824 |   4 |  738.0 |
               +--------+--------+--------+--------+--------+-----+--------+

Top non-repeatable levels by time:
     D:3: 946 daAuts
     D:1: 815 daAuts
     D:4: 624 daAuts
     D:2: 566 daAuts
